 Dungeon Crawl Stone Soup version 0.30-a0-639-g3916f1956a (webtiles) character file.

Game seed: 1616979053753670784

102 acebull12 the Poker (level 4, 0/36 HPs)
             Began as a Demonspawn Chaos Knight on Jan 16, 2023.
             Was a Plaything of Xom.
             Slain by Terence
             ... wielding a +0 short sword
              (8 damage)
             ... on level 2 of the Dungeon.
             The game lasted 00:04:16 (1295 turns).

acebull12 the Poker (Demonspawn Chaos Knight)       Turns: 1295, Time: 00:04:17

Health: 0/36       AC:  5    Str: 12    XL:     4   Next: 50%
Magic:  4/4        EV: 11    Int: 14    God:    Xom [......]
Gold:   99         SH:  0    Dex: 17    Spells: 3/3 levels left

rFire   . . .      SeeInvis .    a - +0 spear (chaos)
rCold   . . .      Faith    .    (no shield)
rNeg    . . .      Spirit   .    b - +2 leather armour
rPois   .          Reflect  .    (no helmet)
rElec   .          Harm     .    (no cloak)
rCorr   .          Rampage  .    (no gloves)
Will    +....                    (no boots)
Stlth   +                        (no amulet)
HPRegen 0.26/turn                q - ring of the Pharaoh's Fist {Will+ Dex+5}
MPRegen 0.09/turn                (no ring)

@: no status effects
A: claws 1, spiny 1, weak 1
a: Renounce Religion


You were on level 2 of the Dungeon.
You worshipped Xom.
You were a very special plaything of Xom.
You visited 1 branch of the dungeon, and saw 2 of its levels.

You collected 99 gold pieces.

Inventory:

Hand Weapons
 a - a +0 spear of chaos (weapon)
Missiles
 p - 8 stones
Armour
 b - a +2 leather armour (worn)
Jewellery
 j - a +6 ring of intelligence
 o - a ring of ice
 q - the ring of the Pharaoh's Fist (left claw) {Will+ Dex+5}
   (You found it on level 2 of the Dungeon)

   [ring of willpower]

   Dex:       It affects your dexterity (+5).
   Will:      It increases your willpower.
Wands
 l - a wand of polymorph (11)
Scrolls
 g - 3 scrolls of teleportation {unknown}
 h - 2 scrolls of enchant weapon {unknown}
 i - 2 scrolls of identify {unknown}
 m - a scroll of fear {unknown}
 n - a scroll of torment {unknown}
 r - a scroll of amnesia {unknown}
Potions
 d - 2 potions of curing {unknown}
 e - 2 potions of ambrosia {unknown}
 f - a potion of mutation {unknown}
 k - a potion of cancellation {unknown}
Miscellaneous
 c - a piece from Xom's chessboard (15/15) (quivered)


   Skills:
 + Level 3.6 Fighting
 * Level 3.9 Polearms
 * Level 2.5 Armour
 + Level 1.0 Dodging
 * Level 0.8 Evocations


You had 3 spell levels left.
You didn't know any spells.
Your spell library contained the following spells:

 Spells                   Type           Power      Damage    Failure   Level
 Apportation              Tloc           0%         N/A       36%         1
 Necrotise                Necr           0%         1d4       36%         1
 Summon Small Mammal      Summ           0%         N/A       36%         1
 Cigotuvi's Dreadful Rot  Necr/Pois/Air  0%         N/A       50%         2
 Poisonous Vapours        Pois/Air       0%         N/A       50%         2
 Mephitic Cloud           Conj/Pois/Air  0%         N/A       73%         3


Dungeon Overview and Level Annotations

Branches:
Dungeon (2/15)

Altars:

Annotations:
D:2 Terence


Innate Abilities, Weirdness & Mutations

You have sharp fingernails.
You are partially covered in sharp spines.
You are weak. (Str -2)


Message History

The sling bullet misses you.
You hit Terence but do no damage. Terence hits you with a +0 short sword.
You hit Terence but do no damage. Terence hits you with a +0 short sword.
The goblin unwields a +0 sling.
The goblin wields a +0 dagger.
The goblin barely misses you.
You hit Terence but do no damage.
Terence seems to grow stronger.
Terence hits you with a +0 short sword. The goblin is struck by your spines.
You kill the goblin!
You closely miss Terence. Terence barely misses you.
The ball python misses you.
You hit Terence but do no damage.
Space warps horribly around Terence!
Terence is severely wounded.
Terence says, "Rest in peace."
Terence closely misses you.
The ball python is struck by your spines.
The ball python bites you.
You hit Terence but do no damage.
Terence is severely wounded.
The ball python is struck by your spines.
You kill the ball python!
Terence hits you but does no damage.
You barely miss Terence.
Terence is severely wounded.
Terence hits you with a +0 short sword!
You are too injured to fight recklessly!
You are too injured to fight recklessly!
You are too injured to fight recklessly!
You hit Terence but do no damage.
Terence is severely wounded.
You hit Terence.
Terence is almost dead.
Terence hits you but does no damage.
You hit Terence but do no damage.
Terence resists with some effort.
Terence is severely wounded.
Terence hits you with a +0 short sword.
* * * LOW HITPOINT WARNING * * *
You hit Terence but do no damage.
Terence is severely wounded.
Terence hits you with a +0 short sword!
You die...

# .# # ... .###
..$# .... ###
..... ####
####.#...... #
###.#.@@......
#......)..!...
#.#.#.........
#.####.#......
#..# ####.....
##.## #...#
#..### ....
##...## ...# ###
##.).####.####.##
#


You could see Terence (strong).

Vanquished Creatures
  Natasha (twice) (D:2)
  2 adders (D:2)
  A worm (D:2)
  3 ball pythons
  A bat (D:2)
  2 endoplasms
  3 goblins
  2 hobgoblins (D:1)
  4 quokkas
  2 frilled lizards
  7 kobolds
  4 rats (D:1)
33 creatures vanquished.

Vanquished Creatures (others)
  A fungus (D:2)
1 creature vanquished.

Grand Total: 34 creatures vanquished

Notes
Turn   | Place    | Note
-------+----------+-------------------------------------------
     0 | D:1      | acebull12 the Demonspawn Chaos Knight began the quest for
                  | the Orb.
     0 | D:1      | Reached XP level 1. HP: 18/18 MP: 1/1
   200 | D:1      | Gained mutation: You are partially covered in sharp spines.
                  | [demonic ancestry]
   200 | D:1      | Reached XP level 2. HP: 23/24 MP: 2/2
   572 | D:1      | Found a faded altar of an unknown god.
   754 | D:2      | XOM: silly message
   791 | D:2      | Noticed Natasha
   802 | D:2      | XOM: silly message
   814 | D:1      | XOM: stat loss: -1 Dex (11/12)
   842 | D:2      | Killed Natasha
   843 | D:2      | Reached XP level 3. HP: 21/29 MP: 3/3
   966 | D:2      | Noticed Natasha
   969 | D:2      | XOM: give mutation
   969 | D:2      | Gained mutation: You are weak. (Str -2) [Xom's mischief]
   976 | D:2      | XOM: confusion
   978 | D:2      | Killed Natasha
   979 | D:2      | Reached skill level 1 in Dodging
   979 | D:2      | Gained mutation: You have sharp fingernails. [demonic
                  | ancestry]
   979 | D:2      | Reached XP level 4. HP: 23/35 MP: 4/4
  1110 | D:2      | Identified the +2 robe of Intercession {Will+}
  1228 | D:2      | Identified the ring of the Pharaoh's Fist {Will+ Dex+5}
  1280 | D:2      | Noticed Terence
  1295 | D:2      | Slain by Terence

Illustrated notes

Levels and vault maps discovered:
D:1:      minmay_arrival_wavy_path, layout_rooms,
          shapermc_ecumenical_altar_ellora, dk_noncrumbling_2,
          minmay_split_cup_small
D:2:      layout_loops_ring, kennysheep_cluttered_room,
          nicolae_figureground_sparkle, uniq_natasha, uniq_crazy_yiuf_cottage,
          uniq_terence

Skill      XL: |  1  2  3 |
---------------+----------+-----
Polearms       | 3 |  3.9
Armour         | 2 |  2.5
Dodging        | 1 |  1.0
Fighting       | |  3.6
Evocations     | |  0.8

Action                   |  1- 3 |  4- 6 || total
-------------------------+-------+-------++-------
Melee: Spear             |    64 |    32 ||    96
Evoke: Piece from Xom's  |     1 |       ||     1
Armor: Leather armour    |    17 |     6 ||    23
Dodge: Dodged            |    32 |    11 ||    43

Table legend: (Time is in decaauts)
 A = Elapsed time spent in this place.
 B = Non-inter-level travel time spent in this place.
 C = Inter-level travel time spent in this place.
 D = Time resting spent in this place.
 E = Time spent auto-exploring this place.
 F = Levels seen in this place.
 G = Mean time per level.
                   A        B        C        D        E       F      G
               +--------+--------+--------+--------+--------+-----+--------+
         Total |   1320 |   1238 |     82 |     37 |    957 |   2 |  660.0 |
       Dungeon |   1320 |   1238 |     82 |     37 |    957 |   2 |  660.0 |
               +--------+--------+--------+--------+--------+-----+--------+

Top non-repeatable levels by time:
     D:1: 774 daAuts
     D:2: 545 daAuts
